Unix NetHack Version 3.7.0-88 Work-in-progress - last build Aug 21 2023 04:08:40 (b68ccb3e4f8f5dcb83e1e40b1ff56e7dffd4cd28,branch:master). Game began 2023-08-24 12:42:23, ended 2023-08-25 18:13:26. chip, chaotic male human Monk ----. --....- - |.....|..--- |.....|...|.- ...|.|..).... --|.........| ---- --.).--..- --..| 1 --...|---- |...-- ---...-| --- -....| --- |......---.---.....---.--- |.......|....).........f.| ... ---....%..%.)............| ..-- |-.........[...c.......- ...-- --...>............---... -..| |.......`........-| -.- |.................| --). --..--- ---......-- |^.. ---- |.....-- --. ------- Chip the Jaguar St:18 Dx:15 Co:18 In:10 Wi:17 Ch:11 Chaotic S:92939 Dlvl:10 $:593 HP:6(6) Pw:83(83) AC:6 HD:4 T:23409 Strained Latest messages: A dart misses you. You are empty handed. You kill the invisible gnome! You hear rumbling in the distance. The gnomish wizard casts a spell! The gnomish wizard is suddenly moving faster. You hit the gnomish wizard! The gnomish wizard staggers from your powerful strike! You kill the gnomish wizard! You see here a gnomish wizard corpse. You hear rumbling in the distance. You hear rumbling in the distance. You see here a gnomish wizard corpse. You hear rumbling in the distance. The dwarf wields a broad short sword! You kill the dwarf! There are several objects here. You are empty handed. You hit the gargoyle! You hit the gargoyle! You kill the gargoyle! d - a scroll of blank paper. What do you want to use or apply? [bcghjkmorsxyBDFHJMPQV or ?*] b You put a scroll of blank paper into the bag called hoarding. You are beginning to feel weak. What do you want to eat? [S or ?*] ? What do you want to eat? [S or ?*] Never mind. What do you want to use or apply? [bcghjkmorsxyBDFHJMPQV or ?*] b i - an uncursed food ration. What do you want to eat? [iS or ?*] i This food really hits the spot! You finish eating the food ration. You step onto a polymorph trap! You feel a change coming over you. You turn into a jaguar! Your robe tears apart! You drop your gloves! You stagger under your heavy load. Movement is very hard. You rebalance your load. Movement is still difficult. Your helm falls to the floor! Your boots are pushed off your feet! O - a blessed greased +1 dwarvish iron helm. a - an uncursed +2 pair of leather gloves. You have much trouble lifting an uncursed +0 pair of high boots. Continue? [ynq] (q) y Y - an uncursed +0 pair of high boots. You stagger under your heavy load. Movement is very hard. You don't have anything to drink. Really quit? [yn] (n) y Do you want your possessions identified? [ynq] (y) q Inventory: Coins $ - 593 gold pieces Amulets U - an uncursed amulet of life saving f - an uncursed amulet of reflection (being worn) l - a cursed amulet of restful sleep E - an uncursed amulet versus poison Weapons I - a +0 silver arrow X - 12 poisoned +0 darts (at the ready) t - a rustproof +5 aklys named +5 Armor O - a blessed greased +1 dwarvish iron helm a - an uncursed +2 pair of leather gloves Y - an uncursed +0 pair of high boots z - an uncursed +0 pair of levitation boots Comestibles S - an uncursed lizard corpse Rings p - an uncursed ring of invisibility (on left paw) T - an uncursed ring of protection from shape changers n - an uncursed ring of searching N - an uncursed ring of shock resistance e - an uncursed ring of stealth Wands B - a wand of cancellation (0:3) M - a wand of cold (1:5) D - a wand of cold (0:3) c - a wand of digging (0:8) m - a wand of digging (0:7) Q - a wand of digging (0:4) y - a wand of digging (0:0) j - a wand of fire (0:2) o - a wand of light (0:14) H - a wand of lightning (0:7) s - a wand of polymorph (0:3) r - a wand of probing (0:7) V - a wand of striking (0:3) Tools b - a blessed bag of holding containing 49 items F - a can of grease (0:9) k - an uncursed lock pick J - an uncursed oil lamp (lit) x - a +0 pick-axe (alternate weapon; not wielded) P - an uncursed towel h - a +0 unicorn horn Gems/Stones G - 2 uncursed amethyst stones u - an uncursed black opal R - 2 uncursed diamonds v - an uncursed emerald W - 5 uncursed emeralds w - 3 uncursed rubies A - an uncursed topaz stone C - an uncursed luckstone g - a blessed touchstone Contents of the bag of holding: 2888 gold pieces an uncursed amulet of guarding the rustproof +0 Ogresmasher the +0 Werebane an uncursed +0 helm of brilliance a blessed +1 pair of gauntlets of dexterity an uncursed +0 pair of water walking boots an uncursed slime mold an uncursed C-ration an uncursed cream pie 5 uncursed eucalyptus leaves an uncursed food ration an uncursed pancake an uncursed tripe ration 2 uncursed fire ant eggs 3 uncursed eggs 2 uncursed lizard corpses an uncursed scroll of enchant armor an uncursed scroll of destroy armor a cursed scroll of destroy armor a blessed scroll of destroy armor 2 uncursed scrolls of earth 5 uncursed scrolls of blank paper a blessed scroll of blank paper an uncursed scroll of charging a blessed scroll of identify an uncursed scroll of identify a cursed scroll of magic mapping an uncursed scroll of teleportation 2 uncursed scrolls of teleportation an uncursed spellbook of fireball an uncursed spellbook of jumping an uncursed spellbook of cure sickness an uncursed potion of enlightenment an uncursed potion of monster detection an uncursed potion of blindness an uncursed potion of polymorph an uncursed potion of confusion an uncursed potion of fruit juice 2 uncursed potions of oil an uncursed potion of paralysis 2 potions of holy water 4 uncursed potions of water 3 potions of unholy water an uncursed potion of full healing an uncursed potion of gain level an uncursed potion of object detection an uncursed potion of speed a tinning kit (0:98) Chip the Monk's attributes: Background: You were in male jaguar form. You were actually a Student of Stones, a level 12 male human Monk. You were chaotic, on a mission for Huan Ti who was opposed by Shan Lai Ching (lawful) and Chih Sung-tzu (neutral). You were in the Gnomish Mines, on level 10. You entered the dungeon 23409 turns ago. Your score was 92939 before end-of-game adjustments. Basics: You had all 6 hit points. You had all 83 energy points (spell power). You had 4 hit dice. Your armor class was 6. Your wallet contained 593 zorkmids, and you had 2888 more stashed away in your pack. Autopickup was off. Final Characteristics: Your strength was 18. Your dexterity was 15. Your constitution was 18. Your intelligence was 10. Your wisdom was 17. Your charisma was 11. Final Status: You were transformed. You were not hungry. You were strained; movement was very slowed. You were not wielding anything. You had grand master skill with martial arts. You were not wearing any armor. Final Attributes: You were piously aligned. You were fire resistant. You were cold resistant. You were sleep resistant. You were shock resistant. You were poison resistant. You saw invisible. You were telepathic. You were warned. You had automatic searching. You had infravision. You were invisible to others. You were stealthy. You could teleport. You were polymorphed into a jaguar. You were fast. You had reflection. You were lucky. You had extra luck. Bad luck did not time out for you. Good luck did not time out for you. You survived. Miscellaneous: You never encountered a bones level. Total elapsed playing time was 10 hours, 12 minutes and 52 seconds. Major events: Turn 1: chip the chaotic male human Monk entered the dungeon 869: attained the rank of Novice (level 3) 876: was bestowed with Orcrist by Huan Ti 1209: entered the Gnomish Mines 2899: entered Sokoban 3405: completed 1st Sokoban level 3961: completed 2nd Sokoban level 5130: reached Mine Town 5290: attained the rank of Initiate (level 6) 10562: was bestowed with Werebane by Huan Ti 13194: was bestowed with Ogresmasher by Huan Ti 13690: completed 3rd Sokoban level 14270: attained the rank of Student of Stones (level 10) 14476: completed 4th Sokoban level 14626: acquired the Sokoban amulet of reflection 16292: entered the Bigroom 20009: stole 150 zorkmids worth of merchandise from Nairn's quality apparel and accessories 21535: killed Medusa 22818: acquired the Mines' End luckstone 23409: quit Vanquished creatures: Medusa a demilich a titanothere 2 vampire leaders a lich a nurse a black pudding 3 giant mimics 2 zruties a flesh golem 2 large mimics a stalker 2 fire elementals 10 earth elementals a water elemental 7 xorns a giant zombie 2 wargs 4 small mimics 3 xans 2 quantum mechanics a troll a sasquatch 3 sharks a gelatinous cube a flaming sphere 2 large cats 2 tigers 3 gargoyles a tengu an ochre jelly 3 leocrottas an energy vortex a stone giant a python 2 pit vipers a wraith an ettin zombie 5 soldiers an amorous demon a chameleon 4 giant beetles 5 quivering blobs 4 cockatrices 2 wolves 2 panthers a gremlin a leprechaun an orc-captain a mumak 6 giant spiders 4 scorpions 2 ice vortices a vampire bat 3 gnome rulers 2 dwarf mummies 4 owlbears 2 yetis a gold golem a werewolf a Green-elf 2 giant eels 6 lizards a chickatrice a dog a housecat 5 jaguars 2 dwarf leaders 4 blue jellies a white unicorn a gray unicorn 3 ravens 4 apes 8 human zombies 3 rope golems a wood nymph 4 water nymphs 4 mountain nymphs 15 Mordor orcs 9 Uruk-hai 3 orc shamans 5 rock piercers 3 rock moles 3 ponies 4 fog clouds 7 yellow lights a shrieker 2 violet fungi 13 gnome leaders 7 gnomish wizards 2 kobold mummies a red naga hatchling a gray ooze 2 barrow wights 2 elf zombies a ghoul a straw golem 3 paper golems 6 giant ants 4 little dogs 14 floating eyes 20 dwarves 2 kobold shamans 27 hill orcs 5 rothes a centipede 3 giant bats a Kop Sergeant 2 monkeys 3 orc zombies a dwarf zombie 2 wererats 2 werejackals 9 iguanas 26 killer bees 5 acid blobs 8 coyotes 8 hobbits 3 manes 3 hobgoblins 7 giant rats 10 cave spiders 3 brown molds 5 yellow molds a green mold 3 red molds 59 gnomes 7 Keystone Kops 4 garter snakes 6 gnome zombies 6 geckos 8 jackals 3 foxes 3 kobolds 6 goblins 8 sewer rats 3 grid bugs 5 bats 7 lichens 10 newts 585 creatures vanquished. No species were genocided or became extinct. Voluntary challenges: You read items or engraved 30 times. You never engraved Elbereth. You never genocided any monsters. You used no wishes. You did not violate any of the special Sokoban rules. Achievements: You attained the rank of Novice. You entered a shop. You entered the Gnomish Mines. You entered Sokoban. You entered Minetown. You entered a temple. You attained the rank of Initiate. You attained the rank of Student of Stones. You completed Sokoban. You entered the Big Room. You defeated Medusa. You completed the Gnomish Mines. The Dungeons of Doom: levels 1 to 27 Level 1: Some fountains, a grave. Level 2: "hmmm..." A fountain. Level 3: A potion shop, some altars. Stairs down to The Gnomish Mines. Level 4: Level 5: Many fountains. Oracle of Delphi. Level 6: Stairs up to Sokoban, level 5. Level 7: A scroll shop, an altar to Huan Ti, a sink. Level 8: Level 9: Level 10: A general store, a fountain. Level 11: A temple. Summoned by the Grand Master. Portal to The Quest. Level 12: A very big room. Level 13: A sink. Level 14: Level 15: A primitive area. Level 16: Level 17: Level 18: Level 19: A wand shop, a sink. Level 20: Level 21: A fountain. Level 22: An altar, a fountain. Level 23: A fountain. Level 24: Level 25: Level 26: Level 27: The castle. The Gnomish Mines: levels 4 to 11 Level 4: Level 5: Level 6: Many shops, a temple to Huan Ti, some fountains. Level 7: Level 8: Level 9: Level 10: <- You were here. Level 11: The Quest: Level 1: A temple, many trees. Home. Sokoban: levels 5 up to 2 Level 2: Solved. Level 3: Solved. Level 4: Solved. Level 5: Solved. Goodbye chip the Monk... You quit in The Gnomish Mines on dungeon level 10 with 92939 points, and 3481 pieces of gold, after 23409 moves. You were level 12 with a maximum of 119 hit points when you quit.